 Dungeon Crawl Stone Soup version 0.29.1-2-gbd0b4ee654 (webtiles) character file.

Game seed: 7260149922376293443

60 xian the Conjurer (level 3, 0/16 HPs)
             Began as a Spriggan Conjurer on Nov 10, 2022.
             Slain by an adder (1 damage)
             ... on level 3 of the Dungeon.
             The game lasted 00:06:15 (1992 turns).

xian the Conjurer (Spriggan Conjurer)               Turns: 1992, Time: 00:06:15

Health: 0/16       AC:  2    Str:  3    XL:     3   Next: 82%
Magic:  8/8        EV: 17    Int: 21    God:
Gold:   151        SH:  0    Dex: 13    Spells: 5/8 levels left

rFire   . . .      SeeInvis +   d - +0 dagger (elec)
rCold   . . .      Faith    .   (no shield)
rNeg    . . .      Spirit   .   a - +0 robe
rPois   .          Reflect  .   (helmet restricted)
rElec   .          Harm     .   (no cloak)
rCorr   .          Rampage  .   (gloves unavailable)
Will    .....                   (boots unavailable)
Stlth   ++........              (no amulet)
HPRegen 0.05/turn               (no ring)
MPRegen 0.11/turn               (no ring)

@: lethally poisoned (0 -> -1), very quick
A: very small, no large weapons, unfitting armour, see invisible, speed 3
a: no special abilities


You were on level 3 of the Dungeon.
You visited 1 branch of the dungeon, and saw 3 of its levels.

You collected 151 gold pieces.

Inventory:

Hand Weapons
 d - a +0 dagger of electrocution (weapon)
Missiles
 g - 9 poisoned darts
Armour
 a - a +0 robe (worn)
Scrolls
 c - 2 scrolls of fear
 e - a scroll of enchant weapon {unknown}
 f - a scroll of magic mapping {unknown}
 j - a scroll of immolation {unknown}
 k - a scroll of teleportation
 m - a scroll of noise {unknown}
 n - a scroll of identify {unknown}
 o - a scroll of blinking {unknown}
 q - 3 scrolls of poison {unknown}
Potions
 b - a potion of magic
 h - a potion of might {unknown}
 i - a potion of degeneration {unknown}
 l - a potion of flight {unknown}
 p - a potion of heal wounds {unknown}


   Skills:
 + Level 2.8 Dodging
 + Level 3.2 Stealth
 + Level 3.2 Spellcasting
 + Level 3.9 Conjurations


You had 5 spell levels left.
You knew the following spells:

 Your Spells              Type           Power      Damage    Failure   Level
a - Magic Dart            Conj           76%        1d6       2%          1
b - Searing Ray           Conj           38%        2d5       4%          2

Your spell library contained the following spells:

 Spells                   Type           Power      Damage    Failure   Level
 Shock                    Conj/Air       44%        1d5       6%          1
 Slow                     Hex            12%        N/A       13%         1
 Dazzling Flash           Conj/Hex       22%        N/A       17%         3
 Stone Arrow              Conj/Erth      22%        3d8       17%         3
 Mephitic Cloud           Conj/Pois/Air  8%         N/A       22%         3
 Confusing Touch          Hex            3%         N/A       36%         3
 Ignite Poison            Fire/Tmut/Pois 3%         N/A       36%         3
 Summon Guardian Golem    Hex/Summ       3%         N/A       36%         3
 Swiftness                Air            3%         N/A       36%         3
 Vampiric Draining        Necr           3%         2d6       36%         3
 Fulminant Prism          Conj/Hex       5%         3d7       50%         4
 Iskenderun's Mystic Bla  Conj/Tloc      11%        2d4       50%         4
 Airstrike                Air            1%         2d(1-17)  78%         4
 Animate Armour           Summ/Erth      6%         N/A       78%         4
 Freezing Cloud           Conj/Ice/Air   4%         6-21      91%         5
 Orb of Destruction       Conj           9%         9d6       100%        7
 Spellforged Servitor     Conj/Summ      5%         N/A       100%        7
 Lehudib's Crystal Spear  Conj/Erth      5%         10d3      100%        8


Dungeon Overview and Level Annotations

Branches:
Dungeon (3/15)

Altars:


Innate Abilities, Weirdness & Mutations

You are very small and have problems with some larger weapons.
You are too small for most types of armour.
You have supernaturally acute eyesight. (SInv)
You cover ground extremely quickly. (Speed+++)


Message History

You kill the ball python!
You see here a ball python corpse.
There is a shaft here.
A worm comes into view.
The helpless worm fails to defend itself.
You puncture the worm!
The worm is heavily wounded.
The worm barely misses you.
You hit the worm.
The worm is severely wounded.
The worm misses you.
You barely miss the worm.
The worm is severely wounded.
You hit the worm. Lightning courses through the worm!
You kill the worm!
You see here a worm corpse.
You see here a worm corpse.
An adder comes into view.
The adder hisses angrily.
The adder bites you.
You are poisoned.
The adder poisons you!
You barely miss the adder.
You feel sick. The adder closely misses you.
You closely miss the adder.
You feel sick. The adder bites you.
You closely miss the adder.
* * * LOW HITPOINT WARNING * * *
You feel sick. The adder misses you. x2
You hit the adder.
The adder is moderately wounded.
* * * LOW HITPOINT WARNING * * *
You feel sick. The adder barely misses you.
You hit the adder.
The adder is heavily wounded.
* * * LOW HITPOINT WARNING * * *
You feel sick. The adder closely misses you.
You hit the adder.
The adder is almost dead.
* * * LOW HITPOINT WARNING * * *
You feel sick. The adder bites you.
You die...

#.†.......#
#....###.####
#....#.......
###########....#.#
....†..........#.#
#######..####..#.#
..# #..^...#.#.#
#.# #.####.#.#S#
#.#####....#.#.#@#
#....#####.#.#.#.#
####.# #...#...#
#...# #########
#.### ###


You could see an adder.

Vanquished Creatures
  An adder (D:2)
  3 worms
  2 dart slugs (D:2)
  An orc (D:2)
  3 ball pythons
  An endoplasm (D:2)
  4 giant cockroaches
  A hobgoblin (D:2)
  3 jackals (D:2)
  A quokka (D:1)
  5 bats
  A frilled lizard (D:2)
  5 goblins
  5 rats
36 creatures vanquished.

Notes
Turn   | Place    | Note
-------+----------+-------------------------------------------
     0 | D:1      | xian the Spriggan Conjurer began the quest for the Orb.
     0 | D:1      | Reached XP level 1. HP: 9/9 MP: 5/5
   510 | D:1      | Found a faded altar of an unknown god.
   525 | D:1      | Reached XP level 2. HP: 13/13 MP: 2/6
   908 | D:2      | Learned a level 2 spell: Searing Ray
  1199 | D:2      | Reached XP level 3. HP: 16/16 MP: 4/8
  1992 | D:3      | Slain by an adder

Illustrated notes

Levels and vault maps discovered:
D:1:      onia_arrival_mini_spirals, layout_loops_cross,
          shapermc_ecumenical_altar_mp_urbaneastern
D:2:      layout_loops_ring, st_stairs_2
D:3:      layout_basic, lemuel_coloured_pillars_altar, portal_sewer_entry_b,
          grunt_ministairs_10

Skill      XL: |  1  2 |
---------------+-------+-----
Conjurations   | 3 |  3.9
Spellcasting   | 3 |  3.2
Dodging        | |  2.8
Stealth        | |  3.2

Action                   || total
-------------------------++-------
Melee: Dagger            ||    15
 Cast: Magic Dart        ||    63
       Searing Ray       ||     3
  Use: Scroll            ||     2
 Stab: Sleeping          ||     2
Armor: Robe              ||     1
Dodge: Dodged            ||    16
